 Dungeon Crawl Stone Soup version 0.16-a0-4060-g00983b4 (console) character file.

114455 MrRokkomies the Spry (level 15, -12/74 HPs)
             Began as a Felid Enchanter on Feb 18, 2015.
             Was a High Priest of Fedhas.
             Killed from afar by a shock serpent (25 damage)
             ... with a bolt of electricity
             ... on level 5 of the Snake Pit on Feb 21, 2015.
             The game lasted 05:50:31 (46049 turns).

MrRokkomies the Spry (Felid Enchanter)             Turns: 46049, Time: 05:50:31

Health: -12/74     AC:  3    Str:  4    XL:     15   Next: 83%
Magic:  0/41       EV: 33    Int: 21    God:    Fedhas [*****.]
Gold:   803        SH:  0    Dex: 19    Spells: 8 memorised, 0 levels left
                                        Lives:  0   Deaths: 2

rFire  . . .     SeeInvis +       - Unarmed
rCold  + . .     Clarity  .     (armour unavailable)
rNeg   . . .     SustAb   .     (shield unavailable)
rPois  +         Gourm    .     (helmet unavailable)
rElec  .         Spirit   +     (cloak unavailable)
rCorr  .         Warding  .     (gloves unavailable)
rMut   .         Stasis   .     (boots unavailable)
MR     ++...                    u - amulet of guardian spirit
Stlth  +++++++...               e - ring of Brilliance {MP+9 Stlth+}
                                D - ring of poison resistance

@: very slightly contaminated, quick, very resistant to hostile enchantments,
extremely stealthy
A: paw claws, no armour, no weapons or thrown items, fangs 3, see invisible,
carnivore 3, speed 1, shaggy fur 3, slow metabolism 1, MP-powered wands 1, sharp
paws
a: Evolution, Sunlight, Growth, Reproduction, Rain, Renounce Religion
}: 1/15 runes: decaying


You were on level 5 of the Snake Pit.
You worshipped Fedhas.
Fedhas was extremely pleased with you.
You were hungry.

You visited 6 branches of the dungeon, and saw 38 of its levels.
You visited 2 bazaars.

You collected 4080 gold pieces.
You spent 3277 gold pieces at shops.

Inventory:

Jewellery
 c - an uncursed ring of protection from magic
 e - the ring of Brilliance (right paw) {MP+9 Stlth+}
   (You found it on level 8 of the Lair of Beasts)

   [ring of magical power]

   It affects your magic capacity (+9).
   It makes you more stealthy.
 f - an uncursed ring of protection from cold
 l - an uncursed amulet of clarity
 p - an uncursed ring of protection from fire
 q - an uncursed ring of flight
 u - an amulet of guardian spirit (around neck)
 A - an uncursed ring of fire
 D - a ring of poison resistance (left paw)
 I - an uncursed ring of teleportation
 W - an uncursed ring of wizardry
Magical devices
 h - a wand of digging (8)
 m - a wand of disintegration (18)
 s - a wand of fire (6)
 v - a wand of fireball (0)
 H - a wand of slowing (18)
 J - a wand of cold (8)
 K - a wand of digging (11)
 L - a wand of teleportation (4)
 M - a wand of cold (10)
 P - a wand of lightning (5)
 S - a wand of draining (7)
 V - a wand of fire (10)
 Y - a wand of fire (3)
Scrolls
 a - 7 scrolls of identify
 k - 6 scrolls of recharging
 n - 11 scrolls of remove curse
 o - 7 scrolls of teleportation
 t - 5 scrolls of fog
 y - a scroll of magic mapping
 C - a scroll of summoning
 F - 2 scrolls of fear
 T - a scroll of amnesia
Potions
 i - 3 potions of resistance
 r - 2 potions of agility
 w - 3 potions of flight
 x - a potion of cancellation
 B - 10 potions of curing
 E - 3 potions of brilliance
 G - 2 potions of might
 N - 2 potions of lignification
 O - 5 potions of haste
 Q - a potion of berserk rage
Books
 z - a book of Frost

   Spells                             Type                      Level
   a - Freeze                         Ice                          1
   b - Throw Frost                    Conjuration/Ice              2
   c - Ozocubu's Armour               Charms/Ice                   3
   d - Throw Icicle                   Conjuration/Ice              4
   e - Summon Ice Beast               Ice/Summoning                4
   f - Condensation Shield            Ice                          4
 U - a book of Cantrips

   Spells                             Type                      Level
   a - Corona                         Hexes                        1
   b - Animate Skeleton               Necromancy                   1
   c - Summon Small Mammal            Summoning                    1
   d - Apportation                    Translocation                1
Comestibles
 b - 29 fruits
 d - 20 meat rations
 g - 25 royal jellies
 j - 3 beef jerkies
 R - 3 slices of pizza


   Skills:
 * Level 13.2 Fighting
 + Level 16.5 Dodging
 - Level 10.0 Stealth
 * Level 16.3 Unarmed Combat
 - Level 7.0 Spellcasting
 - Level 7.2 Conjurations
 - Level 13.0 Hexes
 - Level 5.0 Summonings
 - Level 9.0 Fire Magic
 - Level 2.1 Ice Magic
 - Level 10.0 Invocations


You couldn't memorise any spells.
You knew the following spells:

 Your Spells              Type           Power        Failure   Level  Hunger
a - Enslavement           Hex            ######..     1%          4    ###....
b - Ensorcelled Hibernat  Hex/Ice        #####.       1%          2    None
c - Confuse               Hex            ######..     1%          3    #......
d - Invisibility          Hex            ######..     10%         6    ######.
e - Shroud of Golubria    Chrm/Tloc      #.........   14%         2    None
f - Summon Mana Viper     Hex/Summ       #####...     8%          5    #####..
g - Throw Flame           Conj/Fire      #####.       1%          2    None
h - Sticky Flame          Conj/Fire      #####...     3%          4    ###....


Dungeon Overview and Level Annotations

Branches:
Dungeon (15/15)            Temple (1/1) D:5            Lair (8/8) D:11
  Swamp (5/5) Lair:4        Snake (5/5) Lair:5        Slime (0/6) Lair:7
    Orc (4/4) D:10            Elf (0/3) Orc:3        Vaults (0/5) D:13
 Depths (0/5) D:15

Altars:
Ashenzari
Cheibriados
Dithmenos
Elyvilon
Fedhas
Gozag
Kikubaaqudgha
Makhleb
Nemelex Xobeh
Okawaru
Qazlal
Ru
Sif Muna
Trog
Vehumet
Xom
Yredelemnul
Zin
The Shining One
Jiyva

Shops:
D:7 }*}   D:8 (   D:9 [   D:13 *   Orc:2 %   Orc:4 *[=(   Snake:1 =}(=:

Portals:
Trove: D:12 (show abyssal rune of Zot)

Annotations:
Swamp:2 Gruud's ghost, powerful DsNe


Innate Abilities, Weirdness & Mutations

You cannot wear armour.
You are incapable of wielding weapons or throwing items.
You have razor-sharp teeth.
You have supernaturally acute eyesight.
You are carnivorous and can eat meat at any time.
You cover ground quickly.
Your thick and shaggy fur keeps you warm (AC +3, rC+).
You have a slow metabolism.
Your paws have sharp claws that are effective at stabbing.
You expend magic power (3 MP) to slightly strengthen your wands.


Message History

Casting: Summon Mana Viper
Confirm with . or Enter, or press ? or * to list all spells.
A mana viper appears with a sibilant hiss.
You are feeling hungry.
The shock serpent burns!
The shock serpent bites you! The shock serpent shocks you!
* * * LOW HITPOINT WARNING * * *
The shock serpent completely misses you.
The shock serpent burns!
The shock serpent shoots out a bolt of lightning at you!
The bolt of electricity hits you!
* * * LOW HITPOINT WARNING * * *
The shock serpent burns!
Your mana viper misses the shock serpent.
Drink which item? (? for menu, Esc to quit)
You feel better.
The shock serpent burns!
The shock serpent shoots out a bolt of lightning at you!
The bolt of electricity hits you!
You die...
Fedhas appreciates your contribution to the ecosystem.

,,** *,,#.....#,,,,,,*#...# *,,
,** **,#.....#,,,,,,*#...# **,
,** *##.....#,,,,,,*#...## ###.
,,#* #......+,,,,,,*#....###...
,..## #......#,,,,,,,#....#.....
....## #......#########..........
.....####....SS.......#..........
........#.............#..........
........#.......@.....#..........
#.......##########'####..........
.................(...).)..((((...
..........####............#######
...<..#..##PP##.........###,,,,,,
....P##).#...P#.......###,,,,,,,,
..P(P)...#....##.....##,,,⌠,,,,,,
..PP()...#..)P(#.....#,,,,,,,,⌠,,
.........#÷.#P(#..####,,,,,,,,,,,


You could see a shock serpent (burning) and a friendly mana viper.

Vanquished Creatures
  Norris (Snake:3)
  The ghost of Mygna the Fencer, a mighty FoAK of Lugonu (Swamp:4)
  2 greater nagas
  An orc warlord (Orc:4)
  A fire giant (D:15)
  Donald (Snake:3)
  A stone giant (Orc:4)
  Snorg (Orc:3)
  A vault guard (D:13)
  A fire dragon (Lair:8)
  Fannar (Lair:4)
  Harold (D:12)
  An ogre mage (D:15)
  11 hydras
  4 naga warriors
  Nessos (D:11)
  9 anacondas
  A ghost crab (Swamp:3)
  8 alligators
  A death yak (Lair:7)
  5 centaur warriors
  3 tengu warriors
  6 naga sharpshooters
  Urug (D:12)
  5 wandering mushrooms
  2 shock serpents
  3 orc high priests (Orc:4)
  Nergalle (Lair:1)
  3 orc knights (Orc:4)
  A fire crab (Lair:8)
  A salamander mystic (Snake:4)
  A deep elf knight (Orc:3)
  A spriggan (Swamp:1)
  A guardian serpent (Snake:5)
  2 unseen horrors
  A wizard (D:13)
  2 sea snakes (Snake:2)
  A spriggan druid (Swamp:5)
  6 swamp dragons
  5 hill giants
  2 naga ritualists
  17 wolves
  20 spiny frogs
  A wolf spider zombie (D:15)
  4 necromancers
  A griffon (D:9)
  8 mana vipers
  4 salamanders
  A hornet (Swamp:3)
  6 ugly things
  2 orc sorcerers
  2 cyclopes
  19 black mambas
  A stone giant skeleton (Orc:4)
  Maurice (D:9)
  An octopode (shapeshifter) (D:13)
  Joseph (D:9)
  A torpor snail (Lair:4)
  3 elephants (Lair:8)
  5 mottled dragons
  7 naga magi
  A gargoyle (D:14)
  A guardian mummy (D:12)
  A kobold demonologist (D:15)
  8 trolls
  4 efreet
  A freezing wraith (D:15)
  2 fire drakes (Lair:8)
  8 komodo dragons
  5 polar bears
  A queen bee (Lair:6)
  A tengu conjurer (D:14)
  2 giant leeches
  24 slime creatures
  Prince Ribbit (D:5)
  A bog body (Swamp:1)
  A hydra skeleton (Swamp:1)
  4 ravens
  A boulder beetle (Lair:8)
  A raiju (Lair:8)
  2 baby alligators (Swamp:1)
  2 two-headed ogres
  30 killer bees
  8 basilisks
  5 shadows
  A centaur simulacrum (D:15)
  36 yaks
  2 alligator skeletons (Swamp:1)
  25 blink frogs
  2 wraiths
  A trapdoor spider (D:14)
  A water elemental (D:14)
  18 humans (D:13)
  Eustachio (D:4)
  3 electric eels
  A steam dragon (D:12)
  A hungry ghost (D:13)
  A wyvern (D:15)
  12 hippogriffs
  22 swamp worms
  6 vampire mosquitoes
  7 wargs
  Edmund (D:5)
  27 nagas
  Menkaure (D:5)
  8 insubstantial wisps (Swamp:1)
  7 porcupines
  33 water moccasins
  2 hell hounds (Lair:8)
  22 orc warriors
  3 phantoms
  9 black bears
  A necrophage (D:10)
  9 swamp drakes
  4 sky beasts
  13 ogres
  6 ice beasts
  2 centaurs
  A troll skeleton (Orc:4)
  2 swamp dragon skeletons (Swamp:1)
  A wasp (Swamp:1)
  2 big kobolds
  26 crocodiles
  20 giant frogs
  The ghost of hornqvist the Covert, an average SpAs (D:3)
  Blork the orc (D:9)
  A brain worm (D:14)
  A water moccasin zombie (D:8)
  A giant frog (shapeshifter) (D:15)
  2 wyvern skeletons
  A scorpion (D:11)
  A goliath beetle (D:6)
  7 jellies
  A giant frog zombie (D:5)
  5 crimson imps
  21 hounds
  28 orc priests
  6 centaur skeletons
  2 centaur zombies
  Crazy Yiuf (D:4)
  3 giant frog skeletons
  7 iguanas
  19 orc wizards
  16 worker ants
  23 sheep
  3 hell rats (Lair:2)
  2 mummies
  A worker ant zombie (D:11)
  22 adders
  3 gnolls (D:4)
  40 river rats
  2 shadow imps
  A worm (D:3)
  3 adder skeletons
  9 giant geckos
  An ooze (D:1)
  143 orcs
  2 bat skeletons
  A bat zombie (D:6)
  5 giant cockroaches
  19 hobgoblins
  10 jackals
  17 kobolds
  13 quokkas
  2 ball pythons
  19 bats
  4 giant newts
  21 goblins
  A goblin zombie (Orc:1)
  A hobgoblin skeleton (Orc:1)
  An orc skeleton (Orc:4)
  2 orc zombies (Orc:1)
  A quokka zombie (D:5)
  22 rats
  A fungus (D:1)
  3 toadstools
1185 creatures vanquished.

Vanquished Creatures (collateral kills)
  the Lernaean hydra (Swamp:5)
  Nikola (Snake:3)
  Vashnia (Snake:3)
  4 greater nagas
  Jorgrun (Snake:3)
  5 hydras (Swamp:5)
  3 anacondas (Snake:5)
  5 death yaks (Lair:7)
  12 naga sharpshooters
  An orc high priest (Orc:4)
  5 naga ritualists
  A wizard (D:14)
  6 swamp dragons (Swamp:5)
  A salamander (Snake:2)
  An ugly thing (D:14)
  3 mana vipers
  3 guardian serpents (Snake:5)
  3 elephants (Lair:2)
  6 naga magi
  A torpor snail (Lair:3)
  6 black mambas
  A spiny frog (Lair:8)
  2 komodo dragons (Lair:8)
  A polar bear (Lair:8)
  6 blink frogs
  2 ravens (Swamp:5)
  4 slime creatures (Swamp:5)
  A basilisk (D:9)
  10 yaks
  Grum (D:9)
  5 wolves
  19 nagas
  A deep elf fighter (D:15)
  A warg (Orc:4)
  A mottled dragon (Lair:8)
  2 vampire mosquitoes (Swamp:5)
  2 insubstantial wisps (Swamp:1)
  A hell hound (Lair:8)
  3 porcupines
  5 water moccasins
  4 black bears (Lair:8)
  4 wandering mushrooms
  6 orc warriors
  4 swamp drakes
  A wasp (D:9)
  A phantom (D:6)
  4 ogres
  2 crocodiles
  2 giant frogs
  A wyvern skeleton (D:9)
  8 killer bees
  2 hounds
  An orc wizard (Orc:2)
  A centaur skeleton (D:11)
  5 orc priests
  An iguana (Lair:2)
  A worker ant (D:6)
  3 adders
  3 river rats (Lair:2)
  2 ufetubi (Orc:4)
  An adder skeleton (D:9)
  A giant gecko (D:10)
  25 orcs
  A bat skeleton (D:6)
  A giant cockroach (D:5)
  A quokka (D:10)
  A rat (Lair:2)
  A butterfly (Lair:2)
  A plant (Lair:8)
  2 toadstools (Lair:3)
229 creatures vanquished.

Vanquished Creatures (others)
  11 oklob plants
  A hydra (Swamp:5)
  An anaconda (Snake:2)
  A raiju (Lair:8)
  A hyperactive ballistomycete (Snake:5)
  A swamp dragon (Swamp:4)
  14 mana vipers
  An orc sorcerer (Orc:4)
  2 spiny frogs
  A komodo dragon (Lair:8)
  A swamp worm zombie (Swamp:1)
  A swamp drake (Lair:8)
  3 polar bears (Lair:8)
  A giant leech (Swamp:4)
  2 trolls (D:14)
  A hornet zombie (Swamp:1)
  2 wargs (Lair:8)
  7 bog bodies
  8 yaks
  3 wolves
  A human (D:13)
  A wasp (Swamp:5)
  2 swamp worms
  A porcupine (Lair:4)
  2 black bears (Lair:8)
  3 necrophages (D:10)
  4 ogres
  A giant frog (Swamp:4)
  3 killer bees
  An electric eel (Snake:2)
  38 wandering mushrooms
  A killer bee zombie (D:11)
  2 worker ant zombies (D:10)
  6 orcs
  A giant spore (Snake:5)
  A kobold (D:15)
  3 ballistomycetes (Snake:5)
  11 fungi
  7 plants
  1149 toadstools
1301 creatures vanquished.

Grand Total: 2715 creatures vanquished

Notes
Turn   | Place    | Note
--------------------------------------------------------------
     0 | D:1      | MrRokkomies, the Felid Enchanter, began the quest for the Orb.
     0 | D:1      | Reached XP level 1. HP: 7/7 MP: 4/4
   483 | D:1      | Reached XP level 2. HP: 7/11 MP: 5/5
   487 | D:1      | Learned a level 2 spell: Ensorcelled Hibernation
  1208 | D:2      | Reached skill level 5 in Hexes
  1504 | D:2      | Reached XP level 3. HP: 8/14 MP: 1/8
  1605 | D:2      | Learned a level 3 spell: Confuse
  2221 | D:3      | Reached XP level 4. HP: 18/18 MP: 10/10
  2357 | D:3      | Noticed hornqvist's ghost (average SpAs)
  2698 | D:3      | Reached skill level 6 in Hexes
  2698 | D:3      | Reached XP level 5. HP: 14/21 MP: 3/12
  2901 | D:3      | Killed hornqvist's ghost
  2901 | D:3      | Reached skill level 5 in Stealth
  3198 | D:3      | Gained mutation: You are covered in thick fur (AC +2). [growing up]
  3198 | D:3      | Reached XP level 6. HP: 24/24 MP: 11/14
  3461 | D:4      | Reached skill level 7 in Hexes
  3697 | D:4      | Reached skill level 1 in Ice Magic
  3737 | D:4      | Noticed Eustachio
  4398 | D:4      | Reached XP level 7. HP: 27/27 MP: 12/17
  4412 | D:4      | Reached skill level 8 in Hexes
  4420 | D:4      | Learned a level 4 spell: Enslavement
  4444 | D:4      | Reached skill level 5 in Unarmed Combat
  4491 | D:4      | Noticed Crazy Yiuf
  4498 | D:4      | Killed Crazy Yiuf
  4576 | D:5      | Entered Level 5 of the Dungeon
  4747 | D:4      | Killed Eustachio
  4843 | D:5      | Noticed Edmund
  4867 | D:5      | Killed Edmund
  4867 | D:5      | Reached skill level 9 in Hexes
  4991 | D:5      | Noticed Prince Ribbit
  5006 | D:5      | Killed Prince Ribbit
  5006 | D:5      | Reached XP level 8. HP: 21/31 MP: 12/18
  5121 | D:5      | Found a staircase to the Ecumenical Temple.
  5131 | Temple   | Entered the Ecumenical Temple
  5227 | Temple   | Became a worshipper of Fedhas Madash
  5738 | D:4      | Reached skill level 10 in Hexes
  6388 | D:5      | Noticed Menkaure
  6395 | D:5      | Killed Menkaure
  6683 | D:6      | Found a bloodstained altar of Trog.
  6727 | D:6      | Reached skill level 5 in Dodging
  6727 | D:6      | Reached skill level 11 in Hexes
  7254 | D:6      | Reached XP level 9. HP: 28/34 MP: 21/21
  7289 | D:6      | Acquired Fedhas' first power
  7675 | D:6      | Learned a level 6 spell: Invisibility
  7861 | D:7      | Reached skill level 12 in Hexes
  7900 | D:7      | Found Jyoh's General Store.
  7987 | D:7      | Found Dana Rainuje's Gadget Shop.
  8086 | D:7      | Found a shimmering altar of Xom.
  8089 | D:7      | Found a shimmering altar of Xom.
  8089 | D:7      | Found a shimmering altar of Xom.
  8108 | D:7      | Reached skill level 1 in Fighting
  8404 | D:7      | Found Skiobieh's Gadget Boutique.
  8448 | D:7      | Upgraded the game from 0.16-a0-4023-g001212b to 0.16-a0-4038-ge07a62f
  8874 | D:8      | Found Twycveo's Weapon Shop.
  8912 | D:8      | Acquired Fedhas' second power
  9462 | D:9      | Reached XP level 10. HP: 42/42 MP: 14/24
  9530 | D:9      | Noticed a griffon
  9533 | D:9      | Noticed a centaur warrior
  9638 | D:9      | Killed a griffon
  9963 | D:9      | Reached skill level 5 in Fighting
  9965 | D:9      | Noticed Joseph
 10000 | D:9      | Killed Joseph
 10252 | D:9      | You fall through a shaft for 2 floors!
 10257 | D:11     | Noticed Nessos
 10270 | D:11     | Killed Nessos
 10303 | D:10     | Entered Level 10 of the Dungeon
 10415 | D:10     | Found a staircase to the Orcish Mines.
 10568 | D:10     | Found a blossoming altar of Fedhas.
 10637 | D:10     | Reached skill level 10 in Unarmed Combat
 10638 | D:10     | Acquired Fedhas' third power
 10741 | D:10     | Found Staceeg's General Store.
 11090 | D:9      | Found Alasuat's Antique Armour Shoppe.
 11160 | D:9      | Killed a centaur warrior
 11160 | D:9      | Reached skill level 1 in Invocations
 11338 | D:9      | Noticed Blork the orc
 11347 | D:9      | Killed Blork the orc
 11418 | D:9      | Reached XP level 11. HP: 26/49 MP: 17/25
 11664 | D:9      | Noticed Maurice
 11665 | D:9      | Noticed Grum
 11689 | D:9      | Killed Maurice
 11721 | D:9      | Killed Grum
 12042 | D:11     | Found a flickering gateway to a bazaar.
 12052 | Bazaar   | Entered a bazaar
 12052 | Bazaar   | Found Nyunor's Antique Armour Emporium.
 12064 | Bazaar   | Found Burisokh's Antique Armour Emporium.
 12081 | Bazaar   | Found Qiemosh's Jewellery Emporium.
 12089 | Bazaar   | Bought an uncursed amulet of guardian spirit for 330 gold pieces
 12089 | Bazaar   | Bought an uncursed ring of magical power for 220 gold pieces
 12263 | D:11     | Noticed a hill giant
 12275 | D:11     | Killed a hill giant
 12279 | D:11     | Found a staircase to the Lair.
 12374 | D:11     | Noticed a hill giant
 12392 | D:11     | Killed a hill giant
 12681 | D:11     | Noticed a cyan ugly thing
 12702 | D:11     | Reached skill level 10 in Dodging
 12720 | D:11     | Killed a cyan ugly thing
 13055 | D:11     | Reached skill level 5 in Invocations
 13303 | Lair:1   | Entered Level 1 of the Lair of Beasts
 14091 | Lair:1   | Noticed Nergalle
 14101 | Lair:1   | Killed Nergalle
 14496 | Lair:2   | Acquired Fedhas' fourth power
 14688 | Lair:2   | Gained mutation: Your thick and shaggy fur keeps you warm (AC +3, rC+). [growing up]
 14688 | Lair:2   | Reached XP level 12. HP: 57/57 MP: 26/26
 14733 | Lair:2   | Noticed a five-headed hydra
 14758 | Lair:2   | Killed a five-headed hydra
 15397 | Lair:3   | Reached skill level 10 in Fighting
 15943 | Lair:3   | Noticed a four-headed hydra
 15962 | Lair:3   | Killed a four-headed hydra
 15972 | Lair:3   | Found a runed door.
 16250 | Lair:3   | Noticed a four-headed hydra
 16379 | Lair:3   | Killed a four-headed hydra
 16938 | Lair:4   | Noticed Fannar
 16955 | Lair:4   | Killed Fannar
 17325 | Lair:4   | Found a staircase to the Swamp.
 17336 | Lair:4   | Upgraded the game from 0.16-a0-4038-ge07a62f to 0.16-a0-4048-g245e628
 17592 | Lair:5   | Reached XP level 13. HP: 61/61 MP: 29/29
 17909 | Lair:5   | Found a staircase to the Snake Pit.
 18651 | Lair:6   | Reached skill level 10 in Invocations
 20177 | Lair:7   | Acquired Fedhas' fifth power
 20527 | Lair:7   | Reached skill level 10 in Stealth
 20818 | Lair:7   | Found a viscous altar of Jiyva.
 20819 | Lair:7   | Found a staircase to the Slime Pits.
 20950 | Lair:7   | Identified a scroll of acquirement
 20955 | Lair:7   | Learned a level 2 spell: Shroud of Golubria
 21529 | Lair:8   | Entered Level 8 of the Lair of Beasts
 21776 | Lair:8   | Reached skill level 13 in Dodging
 21941 | Lair:8   | Reached XP level 14. HP: 53/66 MP: 27/30
 22643 | Lair:8   | Upgraded the game from 0.16-a0-4048-g245e628 to 0.16-a0-4053-g5391420
 22946 | Lair:8   | Reached skill level 14 in Dodging
 23629 | Lair:8   | Learned a level 3 spell: Inner Flame
 23650 | Lair:8   | Got a glittering lead ring
 23652 | Lair:8   | Identified the ring of Brilliance {MP+9 Stlth+} (You found it on level 8 of the Lair of Beasts)
 24286 | Orc:1    | Entered Level 1 of the Orcish Mines
 24451 | Orc:1    | Gained mutation: You expend magic power (3 MP) to slightly strengthen your wands. [a neqoxec]
 24942 | Orc:2    | Found Keidei's Food Boutique.
 25470 | Orc:3    | Noticed Snorg
 25483 | Orc:3    | Killed Snorg
 26100 | Orc:3    | Found a staircase to the Elven Halls.
 26217 | Orc:4    | Entered Level 4 of the Orcish Mines
 26281 | Orc:4    | Found Pnaan's Antique Weapon Shoppe.
 26314 | Orc:4    | Reached skill level 5 in Spellcasting
 26327 | Orc:4    | Was placed under penance by Fedhas
 26503 | Orc:4    | Found Psubboatt's Jewellery Shoppe.
 26673 | Orc:4    | Found Unaidir's Antique Armour Boutique.
 26673 | Orc:4    | Noticed an orc warlord
 26834 | Orc:4    | Found a burning altar of Makhleb.
 27081 | Orc:4    | Found Akaus' General Store.
 27171 | Orc:4    | Bought a scroll of identify for 28 gold pieces
 27171 | Orc:4    | Bought 2 scrolls of identify for 56 gold pieces
 27336 | Orc:4    | Killed an orc warlord
 27581 | Orc:4    | Bought an uncursed ring of protection from magic for 400 gold pieces
 27581 | Orc:4    | Bought an uncursed ring of protection from cold for 400 gold pieces
 27581 | Orc:4    | Bought an uncursed amulet of clarity for 320 gold pieces
 27581 | Orc:4    | Bought an uncursed ring of fire for 400 gold pieces
 27581 | Orc:4    | Bought an uncursed ring of poison resistance for 320 gold pieces
 27730 | Lair:1   | Learned a level 2 spell: Throw Flame
 27918 | D:12     | Reached skill level 1 in Conjurations
 27918 | D:12     | Reached skill level 1 in Fire Magic
 28146 | D:12     | Noticed Harold
 28153 | D:12     | Killed Harold
 28218 | D:12     | Noticed Urug
 28230 | D:12     | Killed Urug
 28624 | D:12     | Was forgiven by Fedhas
 28692 | D:12     | Reached XP level 15. HP: 54/69 MP: 31/31
 28810 | D:12     | Found a portal to a secret trove of treasure.
 29113 | D:13     | Found Zosheeme's Assorted Antiques.
 29123 | D:13     | Bought a scroll labeled YDA PSEUSHAA for 29 gold pieces
 29123 | D:13     | Bought a scroll labeled STOGOETAYN for 29 gold pieces
 29933 | D:13     | Found a gate to the Vaults.
 30486 | D:14     | Reached skill level 5 in Fire Magic
 30572 | D:14     | Reached skill level 5 in Conjurations
 32066 | D:15     | Entered Level 15 of the Dungeon
 32402 | D:15     | Found a staircase to the Depths.
 32982 | Lair:1   | Learned a level 5 spell: Summon Mana Viper
 33125 | Swamp:1  | Entered Level 1 of the Swamp
 34694 | Swamp:2  | Reached skill level 1 in Summonings
 34710 | Swamp:2  | Reached XP level 16. HP: 73/73 MP: 33/33
 34828 | Swamp:2  | Noticed Gruud's ghost (powerful DsNe)
 36987 | Swamp:4  | Noticed Mygna's ghost (mighty FoAK)
 37255 | Swamp:4  | Killed Mygna's ghost
 37561 | Swamp:5  | Entered Level 5 of the Swamp
 37847 | Swamp:5  | Reached skill level 5 in Summonings
 37862 | Swamp:5  | Reached skill level 15 in Dodging
 38117 | Swamp:5  | Noticed the 27-headed Lernaean hydra
 38141 | Swamp:5  | Killed the 27-headed Lernaean hydra
 38516 | Swamp:5  | Got a decaying rune of Zot
 38850 | Lair:1   | Learned a level 4 spell: Sticky Flame
 39028 | Snake:1  | Entered Level 1 of the Snake Pit
 39028 | Snake:1  | Found Miarur's Gadget Shop.
 39053 | Snake:1  | Bought a wand of disintegration (18) for 220 gold pieces
 39197 | Snake:1  | Found Ivoinu Laam's Weapon Shop.
 39219 | Snake:1  | Found Oximnot's Book Shop.
 39228 | Snake:1  | Bought a book of Frost for 525 gold pieces
 39228 | Snake:1  | Upgraded the game from 0.16-a0-4053-g5391420 to 0.16-a0-4060-g00983b4
 39378 | Snake:1  | Found Ghiyt's Jewellery Shop.
 39459 | Snake:1  | Found Pieram's Jewellery Emporium.
 39737 | Snake:1  | Reached skill level 15 in Unarmed Combat
 40441 | Snake:2  | Found a flickering gateway to a bazaar.
 40467 | Bazaar   | Entered a bazaar
 40467 | Bazaar   | Found Judashyto's Antique Armour Emporium.
 40467 | Bazaar   | Found Ymugept's Magic Scroll Emporium.
 40484 | Bazaar   | Found Apeugg's General Store.
 40495 | Bazaar   | Found Lesm's Antique Weapon Shoppe.
 40516 | Bazaar   | Found Qielaik's Gadget Boutique.
 42342 | Snake:3  | Reached XP level 17. HP: 79/79 MP: 33/33
 42431 | Snake:3  | Shot with an arrow of flame by a naga sharpshooter
 42432 | Snake:3  | Reached XP level 16. HP: 0/76 MP: 0/42
 42705 | Snake:3  | Noticed Donald
 42710 | Snake:3  | Killed Donald
 42745 | Snake:3  | Noticed Nikola
 42751 | Snake:3  | Noticed Jorgrun
 42767 | Snake:3  | Killed Nikola
 42781 | Snake:3  | Killed Jorgrun
 43191 | Snake:3  | Noticed Vashnia
 43396 | Snake:3  | Killed Vashnia
 43476 | Snake:3  | Noticed Norris
 43491 | Snake:3  | Killed Norris
 43491 | Snake:3  | Reached skill level 16 in Dodging
 45378 | Snake:5  | Entered Level 5 of the Snake Pit
 45588 | Snake:5  | Killed from afar by a greater naga
 45589 | Snake:5  | Reached XP level 15. HP: -2/73 MP: 0/41
 46047 | Snake:5  | HP: 2/74 [shock serpent/bolt of electricity (16)]
 46049 | Snake:5  | Killed from afar by a shock serpent

Action                   |  1- 3 |  4- 6 |  7- 9 | 10-12 | 13-15 | 16-18 || total
-------------------------+-------+-------+-------+-------+-------+-------++-------
Melee: Unarmed           |   104 |    88 |   300 |   544 |  1839 |   595 ||  3470
 Cast: Ensorcelled Hiber |    24 |    34 |    48 |    73 |    74 |    49 ||   302
       Confuse           |       |    13 |    27 |    21 |    57 |    12 ||   130
       Enslavement       |       |       |    11 |    20 |    53 |     5 ||    89
       Invisibility      |       |       |     1 |    12 |    25 |     6 ||    44
       Inner Flame       |       |       |       |       |     9 |       ||     9
       Shroud of Golubri |       |       |       |       |     1 |     9 ||    10
       Throw Flame       |       |       |       |       |    22 |    15 ||    37
       Summon Mana Viper |       |       |       |       |     8 |    28 ||    36
       Sticky Flame      |       |       |       |       |     1 |     9 ||    10
Invok: Evolution         |       |       |       |    25 |    38 |    25 ||    88
       Sunlight          |       |       |       |     1 |     6 |     5 ||    12
       Growth            |       |       |       |       |     1 |     7 ||     8
       Reproduction      |       |       |       |       |       |     1 ||     1
 Abil: Evoke Berserk Rag |       |     2 |       |       |       |       ||     2
       Evoke Teleportati |       |       |       |       |     1 |       ||     1
Evoke: Wand              |       |       |       |     4 |    12 |     2 ||    18
  Use: Scroll            |     7 |     3 |    15 |     9 |    20 |    17 ||    71
       Potion            |     2 |     3 |     1 |     2 |     6 |    11 ||    25
 Stab: Sleeping          |    20 |    27 |    59 |    75 |   172 |    64 ||   417
       Confused          |       |     5 |    15 |    18 |    36 |     6 ||    80
       Distracted        |       |       |     3 |     3 |    11 |    13 ||    30
       Invisible         |       |       |     4 |    18 |    55 |     7 ||    84
  Eat: Chunk             |     8 |     9 |    11 |    21 |    61 |    28 ||   138
       Pizza             |       |       |     1 |     2 |     1 |       ||     4
       Beef jerky        |       |       |     1 |       |     1 |       ||     2
       Meat ration       |       |       |       |     1 |       |       ||     1
       Royal jelly       |       |       |       |       |     1 |       ||     1
